 Dungeon Crawl Stone Soup version 0.32-a0-422-g28b100f618 (webtiles) character file.

Game seed: 5813137243596710500

1908 pokeman the Thaumaturge (level 8, 0/44 HPs)
             Began as a Deep Elf Hedge Wizard on Feb 21, 2024.
             Was a Follower of Vehumet.
             Slain by a water moccasin (3 damage)
             ... on level 6 of the Dungeon.
             The game lasted 00:12:33 (5199 turns).

pokeman the Thaumaturge (Deep Elf Hedge Wizard)     Turns: 5199, Time: 00:12:34

Health: 0/44       AC:  6    Str:  7    XL:     8   Next: 94%
Magic:  24/24      EV: 18    Int: 22    God:    Vehumet [*.....]
Gold:   325        SH:  0    Dex: 20    Spells: 20/28 levels left

rFire   . . .        A - +2 dagger (venom)
rCold   . . .        (no shield)
rNeg    . . .        y - +2 robe of Joy {Fly}
rPois   .            c - +0 hat
rElec   .            (no cloak)
rCorr   .            b - +1 pair of gloves
SInv    .            (no boots)
Will    .....        t - amulet of magic regeneration
Stlth   +            x - +5 ring of evasion
HPRegen 0.27/turn    C - +6 ring of dexterity
MPRegen 0.59/turn

%: no passive effects
@: confused, flying
A: no striking features
a: Renounce Religion


You were on level 6 of the Dungeon.
You worshipped Vehumet.
Vehumet was aware of your devotion.
You visited 2 branches of the dungeon, and saw 7 of its levels.

You collected 325 gold pieces.

Inventory:

Hand Weapons
 A - a +2 dagger of venom (weapon)
Armour
 b - a +1 pair of gloves (worn)
 c - a +0 hat (worn)
 y - the +2 robe of Joy (worn) {Fly}
   (You found it on level 5 of the Dungeon)

   Fly:       It grants you flight.
Magical Staves
 l - a staff of cold
 w - a staff of air
Jewellery
 g - an amulet of the acrobat
 s - an amulet of reflection
 t - an amulet of magic regeneration (around neck)
 x - a +5 ring of evasion (left hand)
 C - a +6 ring of dexterity (right hand)
Wands
 a - a wand of flame (30)
 B - a wand of polymorph (12)
Scrolls
 h - 5 scrolls of identify {unknown}
 k - a scroll of enchant armour {unknown}
 m - a scroll of amnesia {unknown}
 n - 3 scrolls of fear {unknown}
 o - a scroll of teleportation {unknown}
 u - a scroll of immolation {unknown}
Potions
 d - a potion of magic
 e - 2 potions of lignification {unknown}
 f - a potion of mutation {unknown}
 i - 3 potions of curing {unknown}
 j - a potion of berserk rage {unknown}
 p - a potion of enlightenment {unknown}
 q - 2 potions of haste {unknown}
 r - 2 potions of resistance {unknown}
 v - a potion of invisibility {unknown}
 z - a potion of might {unknown}
 D - a potion of degeneration {unknown}
 E - a potion of cancellation {unknown}


   Skills:
 + Level 2.3 Fighting
 - Level 3.0 Armour
 - Level 3.0 Dodging
 - Level 3.1 Stealth
 * Level 10.5 Spellcasting
 + Level 5.6 Conjurations
 - Level 1.1 Summonings
 - Level 1.1 Translocations
 + Level 4.7 Ice Magic
 - Level 1.0 Air Magic
 - Level 1.0 Alchemy
 - Level 1.1 Evocations


You had 20 spell levels left.
You knew the following spells:

 Your Spells              Type           Power      Damage    Failure   Level
a - Magic Dart            Conj           100%       1d8       1%          1
b - Mephitic Cloud        Conj/Alch/Air  22%        N/A       6%          3
c - Call Imp              Summ           32%        N/A       5%          2
d - Blink                 Tloc           32%        N/A       5%          2

Your spell library contained the following spells:

 Spells                   Type           Power      Damage    Failure   Level
 Freeze                   Ice            100%       1d10      1%          1
 Apportation              Tloc           32%        N/A       3%          1
 Slow                     Hex            44%        N/A       6%          1
 Cigotuvi's Dreadful Rot  Necr/Alch/Air  28%        N/A       7%          2
 Jinxbite                 Hex            22%        N/A       9%          2
 Confusing Touch          Hex            11%        N/A       17%         3
 Sigil of Binding         Hex            11%        N/A       17%         3
 Vampiric Draining        Necr           11%        2d6       17%         3
 Vhi's Electric Charge    Tloc/Air       32%        N/A       36%         4
 Arcjolt                  Conj/Air       13%        1d23      38%         5
 Alistair's Intoxication  Alch           10%        N/A       71%         5
 Plasma Beam              Fire/Air       6%         2x1d17    100%        6


Dungeon Overview and Level Annotations

Branches:
Dungeon (6/15)             Temple (1/1) D:4

Altars:
Ashenzari
Cheibriados
Dithmenos
Fedhas
Gozag
Hepliaklqana
Kikubaaqudgha
Makhleb
Nemelex Xobeh
Qazlal
Ru
Sif Muna
Trog
Uskayaw
Vehumet
Wu Jian
Xom
Yredelemnul
Zin
The Shining One

Shops:
D:2 =   D:6 *

Annotations:
D:6 3 runed translucent doors, Johnnytightlips's ghost, novice DjFE


Message History

You bump into the rock wall.
The orc priest hits the gnoll sergeant but does no damage.
Unknown command.
You bump into the rock wall.
The howler monkey hoots and howls with incredible vigour!
The orc priest mumbles some strange prayers to Beogh against you.
Pain shoots through your body!
* * * LOW HITPOINT WARNING * * *
Unknown command.
You are engulfed in noxious fumes.
You choke on the stench!
You are more confused.
The orc priest misses you.
The orc priest hits the orc warrior but does no damage.
The orc warrior hits the orc priest with a +0 flail of holy wrath.
The orc priest is killed!
Vehumet accepts your kill.
You bump into the rock wall.
You are engulfed in noxious fumes.
You choke on the stench!
You are more confused.
The orc priest hits you with a +0 club.
* * * LOW HITPOINT WARNING * * *
The orc warrior closely misses the water moccasin.
Unknown command.
You bump into the rock wall.
You are engulfed in noxious fumes.
You choke on the stench!
You are more confused.
The orc priest closely misses you.
The howler monkey hoots and howls with incredible vigour!
The orc warrior hits the orc priest with a +0 flail of holy wrath.
Unknown command.
You hit the orc priest.
You kill the orc priest!
Vehumet accepts your kill.
You are engulfed in noxious fumes.
You choke on the stench!
You are more confused.
The orc warrior misses the howler monkey.
Unknown command.
You bump into the rock wall.
You are engulfed in noxious fumes.
The water moccasin bites you.
You die... .................... ........ ..........^ ...... ........... #)#.# #########.... #gg.# #....# #.... #ggl#

#.##.####....
##ho#
#.##.....####
#S##
#.######.##..
#@# #.#
#.##.#
#.####.#
#....#
#.##...#
######
#.##.###
#.##.# #....#
####.# #.#
###


You could see an orc warrior (confused), a water moccasin, 2 gnoll sergeants, a
howler monkey (catching breath), an iguana and 2 gnolls.

Vanquished Creatures
  Menkaure (D:5)
  An ice beast (D:6)
  2 black bears
  An ogre (D:5)
  2 phantoms
  Blork the orc (D:4)
  A bullfrog (D:5)
  2 scorpions
  A howler monkey (D:5)
  A bombardier beetle (D:5)
  6 hounds
  4 orc priests
  A jelly (D:6)
  A sleepcap (D:4)
  Jessica (D:2)
  A gnoll bouda (D:5)
  Ijyb (D:4)
  4 iguanas
  2 orc wizards
  4 gnolls (D:6)
  9 adders
  A shadow imp (D:5)
  4 ribbon worms
  10 dart slugs
  7 orcs
  10 endoplasms
  4 giant cockroaches
  8 goblins
  7 hobgoblins
  A jackal (D:3)
  10 kobolds
  3 quokkas
  5 ball pythons
  6 bats
  4 frilled lizards
  5 rats
132 creatures vanquished.

Vanquished Creatures (collateral kills)
  A bombardier beetle (D:3)
1 creature vanquished.

Grand Total: 133 creatures vanquished

Notes
Turn   | Place    | Note
-------+----------+-------------------------------------------
     0 | D:1      | pokeman the Deep Elf Hedge Wizard began the quest for the
                  | Orb.
     0 | D:1      | Reached XP level 1. HP: 10/10 MP: 7/7
   177 | D:1      | Reached XP level 2. HP: 16/16 MP: 7/9
   455 | D:1      | Reached skill level 5 in Spellcasting
   579 | D:1      | Reached XP level 3. HP: 20/20 MP: 5/11
   916 | D:1      | Reached skill level 1 in Fighting
   916 | D:1      | Reached skill level 1 in Armour
  1436 | D:2      | Reached XP level 4. HP: 19/25 MP: 1/13
  1440 | D:2      | Learned a level 3 spell: Mephitic Cloud
  1443 | D:2      | Learned a level 2 spell: Call Imp
  1446 | D:2      | Learned a level 2 spell: Blink
  1641 | D:2      | Found Koehidicw's Jewellery Boutique.
  2055 | D:2      | Noticed Jessica
  2058 | D:2      | Killed Jessica
  2059 | D:2      | Reached skill level 6 in Spellcasting
  2059 | D:2      | Reached XP level 5. HP: 29/29 MP: 11/15
  2475 | D:3      | Reached skill level 1 in Ice Magic
  2757 | D:3      | Reached skill level 1 in Alchemy
  2901 | D:3      | Reached skill level 1 in Air Magic
  3156 | D:4      | Noticed Ijyb
  3170 | D:3      | Reached skill level 1 in Evocations
  3170 | D:3      | Reached XP level 6. HP: 28/34 MP: 9/17
  3204 | D:4      | Killed Ijyb
  3210 | D:4      | Found a staircase to the Ecumenical Temple.
  3215 | D:4      | Found a burning altar of Makhleb.
  3249 | Temple   | Entered the Ecumenical Temple
  3259 | Temple   | Became a worshipper of Vehumet
  3302 | D:4      | Reached skill level 7 in Spellcasting
  3519 | D:4      | Noticed Blork the orc
  3538 | D:4      | Killed Blork the orc
  3539 | D:4      | Reached XP level 7. HP: 29/39 MP: 13/20
  3853 | D:5      | Entered Level 5 of the Dungeon
  3893 | D:5      | Reached skill level 8 in Spellcasting
  3938 | D:5      | Reached * piety under Vehumet
  3938 | D:5      | Offered knowledge of Freeze by Vehumet.
  3959 | D:5      | Reached XP level 8. HP: 35/44 MP: 20/22
  4105 | D:5      | Reached skill level 9 in Spellcasting
  4292 | D:5      | Noticed Menkaure
  4301 | D:5      | Killed Menkaure
  4345 | D:5      | Identified the +0 chain mail of Dithmenos's Supremacy
                  | {-Tele Will++ Int+2}
  4475 | D:5      | Identified the +2 robe of Joy {Fly}
  4704 | D:6      | Reached skill level 5 in Conjurations
  4731 | D:6      | Found Plog's Elemental Accessories.
  4829 | D:6      | Reached skill level 10 in Spellcasting
  4907 | D:6      | Found a runed translucent gate.
  4907 | D:6      | Found a runed translucent gate.
  4907 | D:6      | Found a runed translucent gate.
  4956 | D:6      | Noticed Johnnytightlips's ghost (novice DjFE)
  4961 | D:6      | Identified the +4 plate armour "Elonumm" {rCorr Int+3}
  5196 | D:6      | HP: 2/44 [orc priest/+0 club (2)]
  5199 | D:6      | Slain by a water moccasin

Illustrated notes

Levels and vault maps discovered:
D:1:      dpeg_arrival_court, layout_basic
D:2:      layout_basic, serial_shops, shop, uniq_jessica
D:3:      minmay_bubble_buster, layout_basic, kennysheep_boxes
D:4:      layout_cave_pools, mainiacjoe_overflow_catwalk, temple_pool_b,
          hangedman_abyss_or_decor_passed, uniq_blork_the_orc, uniq_ijyb
D:5:      layout_basic, minmay_bent, uniq_menkaure
D:6:      layout_basic, biasface_ghost_orc_armoury, nicolae_elemental_shop,
          lemuel_flame_loot_1
Temple:   compressed_dpeg_triangle_lava_temple

Skill      XL: |  1  2  3  4  5  6  7  8 |
---------------+-------------------------+-----
Spellcasting   | 5 6 7 8 10 | 10.5
Fighting       | 1 2 |  2.3
Armour         | 1 3 |  3.0
Conjurations   | 2 3 4 5 |  5.6
Dodging        | 3 |  3.0
Stealth        | 3 |  3.1
Ice Magic      | 1 2 3 4 |  4.7
Alchemy        | 1 |  1.0
Air Magic      | 1 |  1.0
Evocations     | 1 |  1.1
Summonings     | |  1.1
Translocations | |  1.1

Action                     |  1- 3 |  4- 6 |  7- 9 || total
---------------------------+-------+-------+-------++-------
  Melee: Dagger            |    10 |    17 |    67 ||    94
   Cast: Magic Dart        |    77 |   162 |    98 ||   337
         Mephitic Cloud    |       |     9 |    17 ||    26
         Call Imp          |       |     2 |     1 ||     3
   Stab: Sleeping          |     1 |       |       ||     1
         Confused          |       |     1 |     6 ||     7
         Distracted        |       |     1 |       ||     1
 Armour: Robe              |    11 |    19 |    24 ||    54
  Dodge: Dodged            |     7 |    33 |    80 ||   120

Table legend: (Time is in decaauts)
 A = Elapsed time spent in this place.
 B = Non-inter-level travel time spent in this place.
 C = Inter-level travel time spent in this place.
 D = Time resting spent in this place.
 E = Time spent auto-exploring this place.
 F = Levels seen in this place.
 G = Mean time per level.
                   A        B        C        D        E       F      G
               +--------+--------+--------+--------+--------+-----+--------+
         Total |   5197 |   5097 |    100 |     34 |   4180 |   7 |  742.4 |
       Dungeon |   5176 |   5085 |     91 |     34 |   4180 |   6 |  862.7 |
        Temple |     20 |     11 |      9 |      0 |      0 |   1 |   20.0 |
               +--------+--------+--------+--------+--------+-----+--------+

Top non-repeatable levels by time:
     D:1: 1253 daAuts
     D:3: 1043 daAuts
     D:2: 889 daAuts
     D:5: 773 daAuts
     D:4: 645 daAuts
     D:6: 571 daAuts
  Temple: 20 daAuts
